 Dungeon Crawl Stone Soup version 0.27-a0-334-g52645efa06 (webtiles) character file.

Game seed: 13305524799216116555

219 wakim the Stinger (level 5, -4/31 HPs)
             Began as an Octopode Venom Mage on Feb 13, 2021.
             Killed from afar by an orc wizard (10 damage)
             ... with a magic dart
             ... on level 3 of the Dungeon.
             The game lasted 00:09:38 (4039 turns).

wakim the Stinger (Octopode Venom Mage)             Turns: 4039, Time: 00:09:38

Health: -4/31      AC:  1    Str:  8    XL:     5   Next: 96%
Magic:  9/10       EV: 13    Int: 18    God:
Gold:   133        SH:  0    Dex: 12    Spells: 2/11 levels left

rFire    . . .     SeeInvis .     - Unarmed
rCold    . . .     Faith    .   (no shield)
rNeg     . . .     Spirit   .   (helmet restricted)
rPois    .         Reflect  .   (no amulet)
rElec    .         Harm     .   (no ring)
rCorr    .         Rampage  .   (no ring)
Will     .....                  (no ring)
Stlth    +++.......             (no ring)
HPRegen  0.10/turn              (no ring)
MPRegen  0.12/turn              (no ring)
                                (no ring)
                                (no ring)

@: no status effects
A: almost no armour, stealthy swim, amphibious, 8 rings, constrict 8, camouflage
1, gelatinous body 1
a: no special abilities


You were on level 3 of the Dungeon.
You visited 1 branch of the dungeon, and saw 4 of its levels.

You collected 133 gold pieces.

Inventory:

Missiles
 j - 5 silver boomerangs
 l - 46 stones
Scrolls
 a - a scroll of identify
 c - 2 scrolls of enchant weapon
 e - 2 scrolls of teleportation
Potions
 b - a potion of berserk rage {unknown}
 d - a potion of flight {unknown}
 f - a potion of curing {unknown}
 g - a potion of heal wounds {unknown}
 h - a potion of lignification {unknown}
 k - a potion of might {unknown}


   Skills:
 - Level 2.0 Dodging
 - Level 2.6 Stealth
 + Level 2.1 Unarmed Combat
 * Level 3.7 Spellcasting
 - Level 1.0 Transmutations
 * Level 5.6 Poison Magic


You had 2 spell levels left.
You knew the following spells:

 Your Spells              Type           Power        Failure   Level
a - Sting                 Tmut/Pois      60%          3%          1
b - Poisonous Vapours     Pois/Air       26%          7%          2
c - Mephitic Cloud        Conj/Pois/Air  10%          21%         3
d - Ignite Poison         Fire/Tmut/Pois 11%          19%         3

Your spell library contained the following spells:

 Spells                   Type           Power        Failure   Level
 Olgreb's Toxic Radiance  Pois           23%          14%         4


Dungeon Overview and Level Annotations

Branches:
Dungeon (4/15)
 Temple: D:4-7

Altars:
Cheibriados


Innate Abilities, Weirdness & Mutations

You cannot wear most types of armour.
You are very stealthy in the water. (Stealth+)
You are amphibious.
You can wear up to eight rings at the same time.
You can use your tentacles to constrict eight enemies at once.
Your skin changes colour to match your surroundings (Stealth+).
Your rubbery body absorbs attacks. (AC +1, EV +1)


Message History

A frilled lizard and a zombie come into view.
Found three items.
There is a stone staircase leading up here.
Casting: Poisonous Vapours (safe; 7% risk of failure)
Confirm with . or Enter, or press ? or * to list all spells.
Aiming: Poisonous Vapours (safe; 7% risk of failure)
Press: ? - help, Dir - move target, f - frilled lizard
Aim: a frilled lizard (asleep) Poisonous vapours surround the frilled lizard!
The frilled lizard hisses angrily.
The frilled lizard is engulfed in poison gas.
The frilled lizard is poisoned.
You kill the frilled lizard!
You barely miss the jackal zombie. You grab the jackal zombie.
You squeeze the jackal zombie!
You destroy the jackal zombie!
There is a stone staircase leading up here.
You start resting.
A hound comes into view.
A hound is nearby!
You climb upwards.
The orc wizard gestures at you while chanting.
You are confused.
The orc misses you. The orc hits you with a +0 dagger.
There is a stone staircase leading down here.
You're too confused to move!
The orc hits you but does no damage.
You're too confused to move!
The orc wizard casts a spell at itself.
The orc wizard flickers and vanishes!
Deactivating autopickup; reactivate with Ctrl-A.
The orc hits you with a +0 dagger.
You hear some strange, mumbled words.
A magic dart appears from out of thin air!
The magic dart hits you!
* * * LOW HITPOINT WARNING * * *
The orc completely misses you.
You feel less confused.
A magic dart appears from out of thin air!
The magic dart hits you!
You die...

#######.####....#######
#..........'...........
#.#####.####....#######
#.# #.####....#
#.#####...##....# ####
#.....#.####...## ...
#.....#.# #...# . ..
#.....#.####...# .. #.
#>..{.@....'....
...###.###..o.######...#
...'...)......# #...#
...#.........## ####
...'.........# ....
...#.........# .... ..
#...[.....# ....
#....!........... ....
#................. ....


You could see an orc.

Vanquished Creatures
  A jelly (D:3)
  An orc wizard (D:3)
  Ijyb (D:3)
  6 adders
  6 worms
  3 leopard geckos
  9 orcs
  2 giant cockroaches (D:3)
  7 hobgoblins
  2 quokkas (D:2)
  3 ball pythons
  3 bats (D:3)
  6 frilled lizards
  5 goblins
  A jackal zombie (D:4)
  5 kobolds
  5 rats
66 creatures vanquished.

Notes
Turn   | Place    | Note
-------+----------+-------------------------------------------
     0 | D:1      | wakim the Octopode Venom Mage began the quest for the Orb.
     0 | D:1      | Reached XP level 1. HP: 11/11 MP: 3/3
    56 | D:1      | You fall into a shaft and drop 1 floor!
   259 | D:2      | Reached XP level 2. HP: 13/17 MP: 1/5
   298 | D:2      | Learned a level 2 spell: Poisonous Vapours
   343 | D:2      | Reached skill level 4 in Poison Magic
   509 | D:2      | Found a snail-covered altar of Cheibriados.
   688 | D:1      | Reached XP level 3. HP: 21/21 MP: 3/6
   769 | D:1      | Reached skill level 1 in Unarmed Combat
  1854 | D:2      | Reached XP level 4. HP: 22/27 MP: 3/8
  2232 | D:2      | Learned a level 3 spell: Mephitic Cloud
  2236 | D:2      | Learned a level 3 spell: Ignite Poison
  2584 | D:3      | Reached skill level 5 in Poison Magic
  2910 | D:3      | Reached XP level 5. HP: 30/31 MP: 6/9
  3090 | D:3      | Noticed Ijyb
  3958 | D:3      | Killed Ijyb
  4039 | D:3      | Killed from afar by an orc wizard

Illustrated notes

Levels and vault maps discovered:
D:1:      beargit_arrival_greenhouse, layout_basic, serial_forest,
          infiniplex_forest_clump_tiny, infiniplex_forest_clump_C,
          infiniplex_forest_end_2, infiniplex_forest_corner_1,
          infiniplex_forest_straight_3, infiniplex_forest_clump_diagonal,
          infiniplex_forest_straight_2, infiniplex_forest_lined_room_
D:2:      layout_loops_ring, cheibriados_altar_1
D:3:      layout_basic, uniq_ijyb
D:4:      layout_layer_cave, marbit_many_paths, kennysheep_mini

Skill      XL: |  1  2  3  4  5 |
---------------+----------------+-----
Poison Magic   | 4 5 |  5.6
Unarmed Combat | 1 2 |  2.1
Spellcasting   | 3 |  3.7
Dodging        | |  2.0
Stealth        | |  2.6
Transmutations | |  1.0

Action                   |  1- 3 |  4- 6 || total
-------------------------+-------+-------++-------
Melee: Unarmed           |    28 |    62 ||    90
       Constrict         |    13 |    14 ||    27
       Tentacles         |     4 |    11 ||    15
       Punch             |     1 |     1 ||     2
Throw: Boomerang         |       |     3 ||     3
 Cast: Sting             |    21 |       ||    21
       Poisonous Vapours |    23 |    42 ||    65
       Mephitic Cloud    |       |     1 ||     1
  Use: Scroll            |     1 |     6 ||     7
 Stab: Sleeping          |     1 |     4 ||     5
Armor: Skin              |     3 |     7 ||    10
Dodge: Dodged            |     6 |    39 ||    45

Table legend: (Time is in decaauts)
 A = Elapsed time spent in this place.
 B = Non-inter-level travel time spent in this place.
 C = Inter-level travel time spent in this place.
 D = Time resting spent in this place.
 E = Time spent auto-exploring this place.
 F = Levels seen in this place.
 G = Mean time per level.
                   A        B        C        D        E       F      G
               +--------+--------+--------+--------+--------+-----+--------+
         Total |   4048 |   3848 |    200 |   1804 |   1296 |   4 | 1012.0 |
       Dungeon |   4048 |   3848 |    200 |   1804 |   1296 |   4 | 1012.0 |
               +--------+--------+--------+--------+--------+-----+--------+

Top non-repeatable levels by time:
     D:2: 2046 daAuts
     D:3: 1228 daAuts
     D:1: 722 daAuts
     D:4: 50 daAuts
